 Dungeon Crawl Stone Soup version 0.31-a0-263-ge8cad7f256 (webtiles) character file.

Game seed: 4514016478555216549

6 dolemite99 the Changeling (level 1, -1/16 HPs)
             Began as a Demonspawn Shapeshifter on July 14, 2023.
             Slain by a frilled lizard (2 damage)
             ... on level 1 of the Dungeon.
             The game lasted 00:00:23 (269 turns).

dolemite99 the Changeling (Demonspawn Shapeshifter)  Turns: 269, Time: 00:00:23

Health: -1/16      AC:  2    Str: 15    XL:     1   Next: 75%
Magic:  1/1        EV: 12    Int:  9    God:
Gold:   22         SH:  0    Dex: 13    Spells: 0/0 levels left

rFire   . .          .
                       - Unarmed
rCold   . . .        (no shield)
rNeg    . . .        a - +0 animal skin
rPois   .            (helmet currently unavailable)
rElec   .            (cloak currently unavailable)
rCorr   .            (gloves currently unavailable)
SInv    .            (boots currently unavailable)
Will    .....        (no amulet)
Stlth   +            (no ring)
HPRegen 0.22/turn    (no ring)
MPRegen 0.07/turn

%: no passive effects
@: beast-form
A: beast (slay +1)
a: Begin Untransformation


You were on level 1 of the Dungeon.
You were a hulking beast.
You visited 1 branch of the dungeon, and saw 1 of its levels.

You collected 22 gold pieces.

Inventory:

Armour
 a - a +0 animal skin (worn)
Talismans
 c - a beast talisman
Potions
 b - a potion of lignification
 d - a potion of brilliance {unknown}


   Skills:
 - Level 2.0 Fighting
 - Level 1.7 Dodging
 + Level 2.3 Unarmed Combat
 - Level 2.6 Shapeshifting


You couldn't memorise any spells.
You didn't know any spells.
Your spell library was empty.

Dungeon Overview and Level Annotations

Branches:
Dungeon (1/15)

Altars:


Message History

The giant cockroach bites you.
You hit the giant cockroach.
You kill the giant cockroach!
You start resting.
HP restored.
You start waiting.
Done waiting.
A hobgoblin comes into view.
The hobgoblin shouts!
A frilled lizard comes into view.
You see here a murky green potion.
There are monsters nearby!
A hobgoblin comes into view.
There are monsters nearby!
The hobgoblin completely misses you.
There are monsters nearby!
You see here a murky green potion.
d - a murky green potion The frilled lizard barely misses you.
The hobgoblin hits you.
You closely miss the frilled lizard. The frilled lizard closely misses you.
The hobgoblin hits you.
You hit the frilled lizard.
The frilled lizard is heavily wounded.
The frilled lizard bites you. The hobgoblin barely misses you.
You are too injured to fight recklessly!
You miss the frilled lizard. The frilled lizard bites you.
You are too injured to fight recklessly!
You are too injured to fight recklessly!
The frilled lizard barely misses you. The hobgoblin misses you.
The hobgoblin closely misses you.
You hit the frilled lizard.
The frilled lizard is heavily wounded.
The frilled lizard bites you. The hobgoblin hits you.
* * * LOW HITPOINT WARNING * * *
The hobgoblin hits you.
* * * LOW HITPOINT WARNING * * *
You closely miss the frilled lizard.
The frilled lizard is heavily wounded.
The frilled lizard bites you.
You die...

≈≈≈≈≈≈≈≈≈≈≈≈≈≈≈≈~...#
≈≈≈≈≈≈≈≈≈≈≈≈≈≈≈≈~...#
≈≈~~~~~~≈≈≈≈~~~~≈~...#
...................###
.......?..........###
..........#.........#
#............#..#.#
###...l........#...####
#.#....ghg.......#.......
##.....................†..
.................##.......
.#..........#...####.....#
....=.....>...............
##..........##############
#..........# ##...........
.............


You could see 2 hobgoblins and a frilled lizard.

Vanquished Creatures
  2 endoplasms (D:1)
  A giant cockroach (D:1)
  A goblin (D:1)
  A ball python (D:1)
5 creatures vanquished.

Notes
Turn   | Place    | Note
-------+----------+-------------------------------------------
     0 | D:1      | dolemite99 the Demonspawn Shapeshifter began the quest for
                  | the Orb.
     0 | D:1      | Reached XP level 1. HP: 16/16 MP: 1/1
   269 | D:1      | Slain by a frilled lizard

Illustrated notes

Levels and vault maps discovered:
D:1:      dpeg_arrival_castle, layout_rooms, minmay_misc_feat_diagonals

Skill      XL: |  1 |
---------------+----+-----
Unarmed Combat | 2 |  2.3
Fighting       | |  2.0
Dodging        | |  1.7
Shapeshifting  | |  2.6

Action                     || total
---------------------------++-------
  Melee: Unarmed           ||    21
 Armour: Animal skin       ||     3
  Dodge: Dodged            ||    21

Table legend: (Time is in decaauts)
 A = Elapsed time spent in this place.
 B = Non-inter-level travel time spent in this place.
 C = Inter-level travel time spent in this place.
 D = Time resting spent in this place.
 E = Time spent auto-exploring this place.
 F = Levels seen in this place.
 G = Mean time per level.
                   A        B        C        D        E       F      G
               +--------+--------+--------+--------+--------+-----+--------+
         Total |    270 |    270 |      0 |    170 |     27 |   1 |  270.0 |
       Dungeon |    270 |    270 |      0 |    170 |     27 |   1 |  270.0 |
               +--------+--------+--------+--------+--------+-----+--------+

Top non-repeatable levels by time:
     D:1: 270 daAuts
